Map: Triton LE

Players

LiquidTaeJa (TaeJa) - Winner!

  • Race: Terran Terran
  • League: Master
  • Spawn Location: 5:00

AGOElazer (Elazer)

  • Race: Zerg Zerg
  • League: Master
  • Spawn Location: 11:00

Event: HomeStory Cup XX

VOD

Have the link to the VOD?

Description

Time

  • Played on: Nov. 21, 2019, 5:53 a.m.
  • Length: 11:22

All games in this series

Show
View Real Time Build Order
Export as new Build Order

LiquidTaeJa Terran - Winner!

Build Orders: Reaper Expand 

Get SALT Encoding   

  12  0:00  SCV  
  13  0:12  SCV  
  14  0:16  Supply Depot  
  14  0:24  SCV  
  15  0:38  SCV  
  15  0:39  Barracks  
  16  0:44  Refinery  
  16  0:50  SCV  
  17  1:02  SCV  
  18  1:14  SCV  
  19  1:26  Orbital Command  
  19  1:28  Reaper  
  20  1:38  Command Center  
  20  1:48  Supply Depot  
  20  1:52  SCV  
  21  2:00  Marine  
  22  2:04  SCV  
  23  2:09  Factory  
  23  2:16  SCV  
  23  2:22  Barracks Reactor  
  24  2:28  SCV  
  25  2:40  SCV  
  26  2:45  Command Center  
  26  2:50  Orbital Command  
  26  2:53  SCV  
  27  3:01  Barracks  
  27  3:05  SCV  
  28  3:10  Hellion  
  28  3:11  Hellion  
  28  3:12  Barracks Tech Lab  
  32  3:17  SCV x2  
  34  3:25  Refinery  
  34  3:29  SCV x2  
  34  3:32  Stimpack  
  36  3:35  Hellion x2  
  40  3:41  Supply Depot  
  40  3:42  SCV x2  
  40  3:44  Marine  
  43  3:54  SCV x2  
  45  4:02  Starport, Marine  
  46  4:03  Orbital Command  
  46  4:06  SCV x2  
  46  4:08  Factory Reactor  
  48  4:10  Marine x2  
  48  4:13  Refinery  
  50  4:18  SCV x2  
  50  4:19  Marine  
  53  4:25  Supply Depot  
  53  4:30  SCV x2  
  53  4:32  Marine x2  
  53  4:37  Marine, Engineering Bay  
  53  4:38  Engineering Bay  
  56  4:40  SCV  
  56  4:42  SCV  
  56  4:43  SCV  
  59  4:53  Marine x2  
  59  4:54  Orbital Command, SCV  
  59  4:55  Marine  
  59  4:57  Factory Tech Lab, SCV  
  59  4:58  Medivac x2  
  68  5:00  Refinery  
  68  5:06  SCV  
  69  5:07  Terran Infantry Weapons Level 1, Terran Infantry Armor Level 1  
  69  5:10  SCV  
  69  5:11  Marine x2  
  69  5:13  Marine  
  73  5:18  SCV  
  73  5:20  Supply Depot x2  
  73  5:21  Combat Shield  
  74  5:22  SCV  
  74  5:24  SCV  
  76  5:29  Marine  
  77  5:38  Barracks x2  
  77  5:39  Barracks  
  77  5:41  Marine, Siege Tank, SCV x3  
  84  5:50  Marine x2  
  84  5:53  SCV x3  
  89  5:58  Medivac x2  
  93  6:08  Supply Depot x2  
  93  6:21  Marine  
  93  6:27  Barracks Reactor x2  
  93  6:29  Marine x2, Armory  
  93  6:30  Siege Tank, SCV x3  
  101  6:37  Barracks Reactor  
  101  6:39  Marine, Supply Depot  
  90  6:40  Supply Depot  
  90  6:42  SCV x3  
  90  6:43  Refinery, Medivac x2  
  97  6:47  Marine x2  
  101  6:54  SCV x3  
  101  6:57  Marine, Command Center  
  101  6:59  Supply Depot x2  
  103  7:03  Marine x3, Siege Tank  
  103  7:04  Marine  
  103  7:05  Marine x2  
  103  7:06  SCV x3  
  115  7:14  Refinery  
  115  7:15  Marine x3  
  117  7:17  Terran Infantry Weapons Level 2  
  117  7:21  Marine x4  
  117  7:22  Terran Infantry Armor Level 2  
  122  7:23  Marine  
  122  7:28  Marine, SCV x2  
  126  7:32  Marine  
  126  7:33  Supply Depot  
  126  7:34  Supply Depot x2  
  126  7:36  Marine x2  
  128  7:38  Drilling Claws  
  128  7:39  Marine x2  
  128  7:40  Widow Mine, Marine x2  
  134  7:45  Factory  
  134  7:46  Marine  
  134  7:49  SCV x3  
  134  7:51  Marine x2  
  138  7:56  Marine  
  139  7:59  Supply Depot  
  139  8:00  Supply Depot  
  139  8:01  Marine x2, SCV  
  139  8:04  Marine x4  
  139  8:05  Widow Mine  
  148  8:14  Terran Vehicle And Ship Armor Level 1  
  148  8:15  Marine  
  148  8:17  Marine x2  
  148  8:19  Marine  
  151  8:21  Marine x3  
  151  8:22  Marine  
  151  8:27  Widow Mine  
  157  8:30  Marine  
  157  8:32  Factory Reactor  
  157  8:33  Marine  
  159  8:35  Marine  
  159  8:36  Marine x2  
  159  8:38  Marine  
  159  8:39  Marine  
  164  8:48  Marine x2  
  148  8:49  SCV x3  
  153  9:00  Missile Turret  
  153  9:01  SCV  
  154  9:02  Marine  
  154  9:03  Marine  
  154  9:06  Widow Mine  
  154  9:09  SCV x2  
  160  9:13  SCV  
  160  9:14  Planetary Fortress  
  160  9:18  Widow Mine x2, Medivac x2  
  160  9:19  Marine x2  
  160  9:20  Marauder  
  160  9:22  SCV x2  
  160  9:23  Marine  
  160  9:24  Marine x3, Barracks  
  176  9:25  SCV  
  176  9:26  Barracks  
  176  9:27  Marine x2, Barracks  
  176  9:28  Widow Mine  
  183  9:31  Sensor Tower  
  183  9:37  Marine x2  
  180  9:41  Marine x3  
  180  9:42  Marine x2  
  180  9:44  Marine x2  
  181  9:46  Orbital Command  
  181  9:49  Widow Mine  
  181  9:55  Marine x2  
  181  9:59  Marine x4  
  164  10:00  Marine  
  164  10:04  Marine x2, Medivac x2  
  164  10:06  SCV x2  
  165  10:11  Widow Mine  
  165  10:13  Marine x2  
  155  10:15  Marine x2  
  155  10:19  Marine x2, Marauder  
  155  10:20  SCV x3  
  148  10:29  Barracks Tech Lab  
  148  10:30  Marine x3  
  148  10:32  Widow Mine, SCV x2  
  148  10:33  SCV  
  154  10:43  Barracks Tech Lab x2  
  154  10:47  Factory  
  154  10:48  Marine x2, Marauder, Command Center  
  153  10:52  Marine x3  
  153  10:56  SCV x2  
  151  10:58  Marauder  
Show
View Real Time Build Order
Export as new Build Order

AGOElazer Zerg 

Build Orders: Hatch First 

Get SALT Encoding   

  12  0:00  Drone  
  13  0:12  Overlord  
  13  0:16  Drone  
  14  0:30  Drone x2  
  16  0:47  Hatchery  
  15  0:51  Drone  
  15  0:54  Drone  
  17  0:57  Drone  
  18  1:08  Extractor  
  17  1:13  Spawning Pool  
  17  1:16  Drone  
  17  1:19  Drone  
  18  1:27  Drone  
  19  1:38  Drone  
  20  1:49  Drone  
  21  1:59  Queen x2  
  21  2:00  Zergling x4  
  27  2:13  Hatchery  
  26  2:17  Overlord  
  26  2:21  Drone  
  27  2:23  Drone  
  28  2:33  Metabolic Boost  
  28  2:38  Drone x3  
  31  2:46  Queen  
  31  2:50  Overlord  
  33  2:53  Drone x2  
  33  2:56  Drone  
  36  3:08  Drone x4  
  36  3:10  Drone  
  41  3:15  Drone  
  42  3:22  Overlord  
  42  3:23  Queen  
  44  3:27  Queen  
  44  3:31  Drone  
  44  3:33  Drone  
  48  3:37  Overlord  
  48  3:39  Zergling x4  
  48  3:40  Zergling x2  
  51  3:42  Drone x3  
  51  3:47  Drone  
  55  3:49  Drone  
  55  3:55  Overlord  
  55  3:57  Spore Crawler, Drone x3  
  55  3:58  Drone  
  55  4:00  Queen  
  61  4:04  Drone  
  61  4:08  Overlord  
  61  4:09  Drone  
  62  4:12  Drone x3  
  62  4:14  Drone  
  66  4:19  Overlord  
  66  4:21  Drone  
  66  4:22  Drone  
  68  4:24  Evolution Chamber x2  
  68  4:25  Overlord  
  68  4:30  Drone  
  66  4:32  Drone x3  
  69  4:40  Drone  
  69  4:42  Drone x2  
  69  4:44  Hatchery, Drone x2  
  73  4:49  Drone x2, Overlord  
  73  4:50  Drone  
  76  4:54  Zerg Ground Armor Level 1  
  76  4:56  Zerg Melee Weapons Level 1  
  76  4:59  Overlord  
  76  5:00  Zergling x4  
  76  5:04  Extractor  
  76  5:05  Extractor  
  76  5:06  Overlord  
  76  5:07  Extractor, Drone x2  
  76  5:09  Drone  
  76  5:10  Drone x3  
  76  5:11  Extractor  
  80  5:14  Lair  
  80  5:18  Drone  
  80  5:19  Drone  
  82  5:22  Drone x4  
  86  5:30  Overlord  
  86  5:32  Baneling Nest  
  86  5:33  Hatchery  
  84  5:36  Zergling x6  
  84  5:39  Zergling x6  
  90  5:44  Drone  
  90  5:45  Burrow  
  90  5:46  Overlord  
  90  5:47  Zergling x6  
  94  5:55  Overlord  
  93  6:00  Overlord  
  93  6:01  Drone  
  93  6:02  Extractor  
  93  6:04  Drone x3, Overlord  
  93  6:05  Zergling x6  
  93  6:11  Zergling x6  
  102  6:14  Zergling x6  
  106  6:18  Zergling x6  
  106  6:22  Zergling x2  
  105  6:26  Zergling x2  
  105  6:31  Zergling x8  
  105  6:42  Zergling x10  
  105  6:43  Centrifical Hooks  
  105  6:46  Hydralisk Den  
  109  6:47  Hatchery  
  109  6:50  Overlord  
  109  6:53  Zerg Ground Armor Level 2, Zerg Melee Weapons Level 2  
  109  6:54  Baneling x6  
  108  7:00  Drone  
  110  7:01  Zergling x8  
  110  7:02  Infestation Pit  
  110  7:04  Baneling x4  
  110  7:05  Hatchery, Baneling  
  110  7:06  Zergling x2  
  112  7:12  Zergling x12  
  118  7:16  Muscular Augments  
  118  7:24  Zergling x18  
  118  7:26  Baneling x4  
  118  7:27  Baneling  
  118  7:29  Zergling x2  
  129  7:30  Zergling x4  
  129  7:32  Zergling x4  
  131  7:37  Drone x2  
  131  7:38  Drone x3  
  131  7:40  Drone x2  
  131  7:41  Drone  
  139  7:44  Overlord  
  139  7:50  Drone x2  
  139  7:57  Hydralisk, Hive, Overlord  
  139  7:58  Hydralisk  
  142  8:08  Hydralisk x6  
  153  8:18  Baneling x10  
  152  8:21  Hydralisk  
  152  8:22  Hydralisk x2  
  152  8:23  Zergling x4  
  152  8:24  Zergling x2  
  161  8:33  Drone x9  
  169  8:36  Baneling x7  
  169  8:39  Zergling x6  
  170  8:48  Zergling x18  
  151  8:53  Zergling x10  
  162  8:55  Zergling x2  
  163  9:06  Extractor  
  163  9:08  Zergling x24  
  174  9:10  Grooved Spines  
  166  9:18  Zergling x6  
  169  9:25  Zergling x18  
  169  9:29  Zergling x6  
  180  9:39  Zergling x12  
  180  9:40  Baneling  
  180  9:41  Baneling x18  
  180  9:44  Zergling x4  
  181  9:51  Zergling x6  
  166  9:57  Zergling x2  
  166  9:58  Zergling x8  
  116  10:14  Hydralisk  
  116  10:15  Hydralisk x4  
  116  10:17  Hydralisk x2  
  116  10:19  Hydralisk x3  
  113  10:22  Overseer  
  113  10:26  Hydralisk  
  111  10:31  Baneling x2, Hydralisk x2  
  111  10:33  Hydralisk  
  117  10:35  Baneling  
  117  10:36  Baneling  
  117  10:37  Hydralisk  
  117  10:41  Hydralisk  
  117  10:43  Zergling x2  
  117  10:44  Zergling x2  
  118  10:51  Zergling x8  
  118  10:55  Overseer  
  121  10:59  Zergling x2  
  123  11:20  Hatchery  
Tags
 
Add a new tag
Caveats
  • Supply blocks, unpowered buildings, or Contaminate may cause inaccurate times.
  • Supply counts are checked every 10 seconds.